 Dungeon Crawl Stone Soup version 0.21.0-3-g78d12a8 (webtiles) character file.

3262 Jatast the Arsonist (level 10, -2/74 HPs)
             Began as a Human Fire Elementalist on Jan 11, 2018.
             Was a Follower of Sif Muna.
             Slain by a two-headed hydra (6 damage)
             ... on level 7 of the Dungeon.
             The game lasted 00:28:22 (11351 turns).

Jatast the Arsonist (Human Fire Elementalist)      Turns: 11351, Time: 00:28:23

Health: -2/74      AC:  8    Str:  8    XL:     10   Next: 19%
Magic:  1/18       EV: 10    Int: 19    God:    Sif Muna [*.....]
Gold:   308        SH:  0    Dex: 14    Spells: 4/19 levels left

rFire    . . .     SeeInvis .   a - +2 whip (elec)
rCold    . . .     Gourm    .   (no shield)
rNeg     . . .     Faith    .   t - +0 ring mail
rPois    +         Spirit   .   (no helmet)
rElec    .         Reflect  .   q - +0 cloak
rCorr    .         Harm     .   (no gloves)
MR       +....                  r - +1 pair of boots
Stlth    +.........             (no amulet)
HPRegen  0.22/turn              d - ring of poison resistance
MPRegen  0.16/turn              l - ring of protection from magic

@: about to teleport, very slightly contaminated, invisible
A: no striking features
a: Divine Energy, Renounce Religion


You were on level 7 of the Dungeon.
You worshipped Sif Muna.
Sif Muna was aware of your devotion.
You were very hungry.

You visited 2 branches of the dungeon, and saw 9 of its levels.

You collected 308 gold pieces.

Inventory:

Hand Weapons
 a - a +2 whip of electrocution (weapon)
 w - a +0 spear
 y - a +1 halberd of venom
Armour
 q - a +0 cloak (worn)
 r - a +1 pair of boots (worn)
 t - a +0 ring mail (worn)
 B - a +0 robe
Magical Staves
 b - an uncursed staff of fire
Jewellery
 d - a ring of poison resistance (left hand)
 l - a ring of protection from magic (right hand)
Scrolls
 f - 2 scrolls of remove curse
 h - a scroll of teleportation
Potions
 g - 2 potions of invisibility
 i - a potion of cancellation {unknown}
 j - 3 potions of curing
 k - a potion of flight {unknown}
 m - a potion of mutation {unknown}
 n - 4 potions of heal wounds {unknown}
 s - 2 potions of lignification {unknown}
 u - 2 potions of might {unknown}
 z - a potion of brilliance
Books
 e - a book of Minor Magic

   Spells                             Type                      Level
   a - Magic Dart                     Conjuration                  1
   b - Blink                          Translocation                2
   c - Call Imp                       Summoning                    2
   d - Slow                           Hexes                        2
   e - Conjure Flame                  Conjuration/Fire             3
   f - Mephitic Cloud                 Conjuration/Poison/Air       3
 D - a book of Flames

   Spells                             Type                      Level
   a - Flame Tongue                   Conjuration/Fire             1
   b - Throw Flame                    Conjuration/Fire             2
   c - Conjure Flame                  Conjuration/Fire             3
   d - Inner Flame                    Hexes/Fire                   3
   e - Sticky Flame                   Conjuration/Fire             4
   f - Fireball                       Conjuration/Fire             5
Comestibles
 c - 12 rations
 o - 4 chunks of flesh


   Skills:
 + Level 5.2 Fighting
 - Level 2.0 Dodging
 - Level 2.0 Stealth
 + Level 5.4 Spellcasting
 + Level 8.0 Conjurations
 + Level 8.6 Fire Magic


You had 4 spell levels left.
You knew the following spells:

 Your Spells              Type           Power        Failure   Level  Hunger
a - Flame Tongue          Conj/Fire      #####        1%          1    None
b - Throw Flame           Conj/Fire      #####.       1%          2    None
c - Conjure Flame         Conj/Fire      #####...     3%          3    ##.....
d - Sticky Flame          Conj/Fire      #####...     12%         4    ####...
e - Fireball              Conj/Fire      #####.....   32%         5    #####..


Dungeon Overview and Level Annotations

Branches:
Dungeon (8/15)             Temple (1/1) D:6
   Lair: D:8-11

Altars:
Ashenzari
Cheibriados
Dithmenos
Elyvilon
Fedhas
Gozag
Hepliaklqana
Kikubaaqudgha
Makhleb
Nemelex Xobeh
Okawaru
Qazlal
Ru
Sif Muna
Uskayaw
Vehumet
Wu Jian
Yredelemnul
Zin
The Shining One
Lugonu

Shops:
D:4 =   D:5 *

Annotations:
D:7 1 transporter
D:8 Daviar's ghost, novice HOFi


Message History

The two-headed hydra is severely wounded.
The two-headed hydra barely misses you. The two-headed hydra bites you.
* * * LOW HITPOINT WARNING * * *
You fade into invisibility!
The two-headed hydra bites you.
* * * LOW HITPOINT WARNING * * *
The two-headed hydra closely misses you.
You are very lightly contaminated with residual magic.
You hit the two-headed hydra.
The two-headed hydra is severely wounded.
The two-headed hydra bites you!
* * * LOW HITPOINT WARNING * * *
The two-headed hydra barely misses you.
You feel better. The two-headed hydra bites you.
* * * LOW HITPOINT WARNING * * *
The two-headed hydra bites you.
* * * LOW HITPOINT WARNING * * *
As you read the scroll of teleportation, it crumbles to dust.
You feel strangely unstable. The two-headed hydra bites you.
You die...

### #.###########
#...........#
###.#########.# ....#
#.# ##..## ######.#
#...# #....#.#
##...###....#.####
..............KD@#
#.............####
#.#..#........#
..............#
..#...#..#....########
.........#...........#
..#...#........#####.#
..#...#)...#...# #.#
..#...#.......<# #.#


You could see a two-headed hydra and a big kobold.

Vanquished Creatures
  Pikel (D:5)
  Sigmund (D:6)
  A yak (D:8)
  A hungry ghost (D:7)
  Duvessa (D:5)
  2 ice beasts (D:6)
  A phantom (D:7)
  A sky beast (D:5)
  An ogre (D:3)
  3 centaurs
  A big kobold (D:8)
  2 scorpions
  A howler monkey (D:3)
  3 crimson imps
  2 hounds
  A jelly (D:7)
  Crazy Yiuf (D:5)
  6 gnoll shamans
  4 orc priests
  A bullfrog skeleton (D:8)
  7 orc wizards
  An iguana (D:7)
  5 worker ants
  The ghost of letownia2 the Magician, a weakling VSWz (D:3)
  A howler monkey zombie (D:7)
  A worker ant zombie (D:7)
  31 gnolls
  7 adders
  2 shadow imps
  An ooze (D:1)
  A worm (D:2)
  A dart slug (D:3)
  2 leopard geckos (D:7)
  29 orcs
  7 bats
  3 giant cockroaches
  12 goblins
  4 hobgoblins
  18 jackals
  7 kobolds
  A ball python (D:2)
  3 frilled lizards
  A leopard gecko skeleton (D:6)
  7 rats
188 creatures vanquished.

Vanquished Creatures (others)
  Grinder (D:5)
  2 slaves (D:5)
  Dowan (D:5)
  A crimson imp (D:5)
  2 jackal skeletons (D:5)
7 creatures vanquished.

Grand Total: 195 creatures vanquished

Notes
Turn   | Place    | Note
-------+----------+-------------------------------------------
     0 | D:1      | Jatast the Human Fire Elementalist began the quest for the Orb.
     0 | D:1      | Reached XP level 1. HP: 13/13 MP: 3/3
   304 | D:1      | Reached XP level 2. HP: 6/19 MP: 0/5
   957 | D:1      | Learned a level 2 spell: Throw Flame
  1018 | D:1      | Reached XP level 3. HP: 24/24 MP: 1/6
  1863 | D:2      | Reached XP level 4. HP: 29/30 MP: 3/7
  3539 | D:3      | Reached XP level 5. HP: 33/35 MP: 4/8
  3607 | D:3      | Noticed letownia2's ghost (weakling VSWz)
  3619 | D:3      | Killed letownia2's ghost
  3651 | D:3      | Learned a level 3 spell: Conjure Flame
  4086 | D:3      | Reached XP level 6. HP: 30/41 MP: 5/9
  4580 | D:3      | Reached skill level 5 in Fire Magic
  5234 | D:3      | Reached XP level 7. HP: 46/46 MP: 2/10
  6063 | D:3      | Reached skill level 5 in Conjurations
  6585 | D:4      | Reached XP level 8. HP: 50/52 MP: 4/11
  7013 | D:4      | Reached skill level 1 in Fighting
  7096 | D:4      | Found Ogaofem's Jewellery Shoppe.
  7301 | D:4      | Learned a level 4 spell: Sticky Flame
  7688 | D:5      | Entered Level 5 of the Dungeon
  7803 | D:5      | Noticed Pikel
  7824 | D:5      | Killed Pikel
  7824 | D:5      | Reached XP level 9. HP: 40/62 MP: 0/14
  7922 | D:5      | Killed Grinder
  7998 | D:5      | Noticed a hand axe
  7998 | D:5      | Noticed a dagger
  8000 | D:5      | Found a hide-covered altar of Uskayaw.
  8095 | D:5      | Found a runed door.
  8099 | D:5      | Noticed Crazy Yiuf
  8103 | D:5      | Killed Crazy Yiuf
  8228 | D:5      | Killed Dowan
  8296 | D:5      | Found Rioceruq's General Store.
  8391 | D:5      | Noticed Duvessa
  8395 | D:5      | Killed Duvessa
  9108 | D:6      | Noticed Sigmund
  9113 | D:6      | Killed Sigmund
  9431 | D:6      | Found a hazy altar of Hepliaklqana.
  9500 | D:6      | Found a staircase to the Ecumenical Temple.
  9506 | Temple   | Entered the Ecumenical Temple
  9542 | Temple   | Became a worshipper of Sif Muna the Loreminder
  9898 | D:6      | Learned a level 5 spell: Fireball
 10351 | D:7      | Reached skill level 5 in Spellcasting
 10396 | D:7      | Reached XP level 10. HP: 59/73 MP: 11/17
 10992 | D:7      | Found a transporter.
 10996 | D:7      | Found a corrupted altar of Lugonu.
 11271 | D:8      | Reached * piety under Sif Muna
 11271 | D:8      | Reached skill level 5 in Fighting
 11321 | D:8      | Noticed a two-headed hydra
 11340 | D:8      | Noticed Daviar's ghost (novice HOFi)
 11349 | D:7      | HP: 3/74 [two-headed hydra (8)]
 11351 | D:7      | Slain by a two-headed hydra

Skill      XL: |  1  2  3  4  5  6  7  8  9 10 |
---------------+-------------------------------+-----
Conjurations   | 2 3 4 5 6 7 8 |  8.0
Fire Magic     | 4 5 6 7 8 |  8.6
Fighting       | 2 4 5 |  5.2
Spellcasting   | 3 5 |  5.4
Dodging        | |  2.0
Stealth        | |  2.0

Action                   |  1- 3 |  4- 6 |  7- 9 | 10-12 || total
-------------------------+-------+-------+-------+-------++-------
Melee: Dagger            |    43 |    15 |       |       ||    58
       Spear             |       |    19 |       |       ||    19
       Whip              |       |     5 |    53 |    44 ||   102
       Staff             |       |       |     7 |     9 ||    16
       Halberd           |       |       |     2 |       ||     2
 Cast: Flame Tongue      |    44 |   109 |   215 |    42 ||   410
       Throw Flame       |     3 |    19 |    31 |     1 ||    54
       Sticky Flame      |       |       |     3 |     3 ||     6
       Conjure Flame     |       |       |     2 |       ||     2
  Use: Scroll            |       |       |    12 |     1 ||    13
       Potion            |       |       |       |     2 ||     2
 Stab: Sleeping          |     4 |     1 |       |       ||     5
  Eat: Chunk             |     4 |    13 |    20 |     2 ||    39
Armor: Robe              |     7 |     8 |       |       ||    15
       Ring mail         |       |    33 |    47 |    29 ||   109
Dodge: Dodged            |    38 |    67 |    71 |    41 ||   217
